 Dungeon Crawl Stone Soup version 0.26-a0-491-g70697cc071 (webtiles) character file.

Game seed: 12460307746116553992

5 Gargoyl the Skirmisher (level 1, 0/23 HPs)
             Began as a Gnoll Abyssal Knight on Aug 5, 2020.
             Was a Follower of Lugonu.
             Slain by an iron imp (8 damage)
             ... on level 1 of the Abyss.
             The game lasted 00:00:10 (119 turns).

Gargoyl the Skirmisher (Gnoll Abyssal Knight)        Turns: 119, Time: 00:00:11

Health: 0/23       AC:  4    Str: 14    XL:     1   Next: 80%
Magic:  3/3        EV: 12    Int: 14    God:    Lugonu [*.....]
Gold:   12         SH:  0    Dex: 14    Spells: 0/0 levels left

rFire    . . .     SeeInvis .   a - +1 hand axe
rCold    . . .     Faith    .   (no shield)
rNeg     . . .     Spirit   .   b - +1 leather armour
rPois    .         Reflect  .   (no helmet)
rElec    .         Harm     .   (no cloak)
rCorr    .                      (no gloves)
MR       .....                  (no boots)
Stlth    +.........             (no amulet)
HPRegen  0.07/turn              (no ring)
MPRegen  0.08/turn              (no ring)

@: no status effects
A: distributed training, fangs 1, strong nose
a: Depart the Abyss, Renounce Religion


You were on level 1 of the Abyss.
You worshipped Lugonu.
Lugonu was aware of your devotion.
You visited 0 branches of the dungeon, and saw 0 of its levels.
You visited the Abyss 1 time.

You collected 12 gold pieces.

Inventory:

Hand Weapons
 a - a +1 hand axe (weapon)
Armour
 b - a +1 leather armour (worn)


   Skills:
 + Level 6.4 Fighting
 + Level 0.1 Short Blades
 + Level 0.1 Long Blades
 + Level 4.4 Axes
 + Level 0.1 Maces & Flails
 + Level 0.1 Polearms
 + Level 0.1 Staves
 + Level 0.1 Slings
 + Level 0.1 Bows
 + Level 0.1 Crossbows
 + Level 0.1 Throwing
 + Level 4.4 Armour
 + Level 2.4 Dodging
 + Level 0.1 Stealth
 + Level 0.1 Shields
 + Level 0.1 Unarmed Combat
 + Level 0.1 Spellcasting
 + Level 0.1 Conjurations
 + Level 0.1 Hexes
 + Level 0.1 Summonings
 + Level 0.1 Necromancy
 + Level 0.1 Translocations
 + Level 0.1 Transmutations
 + Level 0.1 Fire Magic
 + Level 0.1 Ice Magic
 + Level 0.1 Air Magic
 + Level 0.1 Earth Magic
 + Level 0.1 Poison Magic
 + Level 4.4 Invocations
 + Level 0.1 Evocations


You couldn't memorise any spells.
You didn't know any spells.
Your spell library was empty.

Dungeon Overview and Level Annotations

Branches:
Dungeon (0/15)

Altars:


Innate Abilities, Weirdness & Mutations

Your experience applies equally to all skills.
You have very sharp teeth.
Your uncanny sense of smell can sniff out nearby items.


Message History

The iron imp is lightly wounded.
The iron imp splashes around in the water.
A tentacled starspawn comes into view.
You hit the iron imp but do no damage.
The iron imp is lightly wounded.
The iron imp closely misses you.
You closely miss the iron imp.
The iron imp is lightly wounded.
The iron imp splashes around in the water.
You hit the iron imp but do no damage.
The iron imp is lightly wounded.
You hit the iron imp but do no damage.
The iron imp is lightly wounded.
A tentacle flies out from the starspawn's body!
The iron imp hits you.
A starspawn tentacle comes into view.
You closely miss the iron imp. Your bite misses the iron imp.
The iron imp is lightly wounded.
The iron imp hits you!
You die...

. . ..#
#.# . ## #
#.#### ###
.. .
#...### .
....##. .#
## ###
.....## .
#... ##
####
.#..#.##.#
#### ##..#
#..###..#
#.@...# ∆
#.≈≈5#####
#X.#.
#w#... ..
#.## # #.
#


You could see a tentacled starspawn, a starspawn tentacle (unaware) and an iron
imp.

Vanquished Creatures
  An ufetubus (Abyss:1)
1 creature vanquished.

Vanquished Creatures (others)
  A starspawn tentacle (Abyss:1)
1 creature vanquished.

Grand Total: 2 creatures vanquished

Notes
Turn   | Place    | Note
-------+----------+-------------------------------------------
     0 | Abyss:1  | Gargoyl the Gnoll Abyssal Knight began the quest for the
                  | Orb.
     0 | Abyss:1  | Reached XP level 1. HP: 23/23 MP: 3/3
   102 | Abyss:1  | Noticed an iron imp
   114 | Abyss:1  | Noticed a tentacled starspawn
   119 | Abyss:1  | Slain by an iron imp

Illustrated notes

Levels and vault maps discovered:
Abyss:1

Action                   || total
-------------------------++-------
Melee: Hand axe          ||    16
       Bite              ||     3
  Use: Scroll            ||     1
Armor: Leather armour    ||     1
Dodge: Dodged            ||     5

Table legend: (Time is in decaauts)
 A = Elapsed time spent in this place.
 B = Non-inter-level travel time spent in this place.
 C = Inter-level travel time spent in this place.
 D = Time resting spent in this place.
 E = Time spent auto-exploring this place.
 F = Levels seen in this place.
 G = Mean time per level.
                   A        B        C        D        E       F      G
               +--------+--------+--------+--------+--------+-----+--------+
         Total |    120 |    120 |      0 |      0 |     96 |   1 |  120.0 |
         Abyss |    120 |    120 |      0 |      0 |     96 |   1 |  120.0 |
               +--------+--------+--------+--------+--------+-----+--------+

Top non-repeatable levels by time:
 Abyss:1: 120 daAuts
